 Dungeon Crawl Stone Soup version 0.24.0-123-gd5b16e6ec5 (webtiles) character file.

Game seed: 15375618370235788135, levelgen mode: deterministic

49 Descartes the Sneak (level 3, -7/18 HPs)
             Began as a Spriggan Wanderer on Jan 18, 2020.
             Killed from afar by Natasha (8 damage)
             ... with a magic dart
             ... on level 2 of the Dungeon.
             The game lasted 00:02:57 (3063 turns).

Descartes the Sneak (Spriggan Wanderer)             Turns: 3063, Time: 00:02:58

Health: -7/18      AC:  2    Str: 10    XL:     3   Next: 53%
Magic:  4/4        EV: 17    Int: 15    God:
Gold:   89         SH:  0    Dex: 12    Spells: 2/2 levels left

rFire    . . .     SeeInvis +   a - +2 short sword
rCold    . . .     Gourm    .   (shield restricted)
rNeg     . . .     Faith    .   e - +0 robe
rPois    .         Spirit   .   (helmet restricted)
rElec    .         Reflect  .   (no cloak)
rCorr    .         Harm     .   (gloves unavailable)
MR       .....                  (boots unavailable)
Stlth    ++........             (no amulet)
HPRegen  0.06/turn              (no ring)
MPRegen  0.09/turn              (no ring)

@: very quick
A: very small, unfitting armour, see invisible, herbivore, speed 3, slow
metabolism 2
a: no special abilities


You were on level 2 of the Dungeon.
You were not hungry.

You visited 1 branch of the dungeon, and saw 2 of its levels.

You collected 89 gold pieces.

Inventory:

Hand Weapons
 a - a +2 short sword (weapon)
 d - a +0 dagger
Missiles
 c - 11 poisoned darts (quivered)
 h - 9 bolts
 j - 48 stones
Armour
 e - a +0 robe (worn)
Jewellery
 p - a cursed ring of teleportation {unknown}
Scrolls
 b - 4 scrolls of teleportation
 i - 2 scrolls of identify {unknown}
Potions
 g - a potion of brilliance {unknown}
 k - a potion of heal wounds {unknown}
 l - 2 potions of berserk rage {unknown}
 m - 2 potions of ambrosia {unknown}
 n - 4 potions of haste {unknown}
 o - 2 potions of degeneration {unknown}
Comestibles
 f - 5 rations


   Skills:
 + Level 1.5 Fighting
 - Level 3.0 Short Blades
 - Level 2.0 Throwing
 + Level 2.8 Dodging
 + Level 3.1 Stealth
   Level 1.5 Charms
   Level 2.6 Transmutations


You had 2 spell levels left.
You didn't know any spells.
Your spell library was empty.

Dungeon Overview and Level Annotations

Branches:
Dungeon (2/15)

Altars:

Annotations:
D:2 Natasha


Innate Abilities, Weirdness & Mutations

You are very small and have problems with some larger weapons.
You are too small for most types of armour.
You have supernaturally acute eyesight. (SInv)
You are a herbivore.
You cover ground extremely quickly.
You need to consume almost no food.


Message History

Natasha is almost dead.
Natasha drinks a potion.
Natasha flickers and vanishes for a moment.
The crimson imp hits you but does no damage.
You barely miss Natasha.
Natasha is almost dead.
Natasha claws you.
* * * LOW HITPOINT WARNING * * *
The crimson imp completely misses you.
You hit Natasha.
Natasha is almost dead.
Natasha casts a spell at you. The magic dart hits you.
* * * LOW HITPOINT WARNING * * *
The crimson imp closely misses you.
You closely miss Natasha.
Natasha is almost dead.
Natasha stares at you and mumbles some strange words.
The magic dart hits you!
You die...

#.#.#.#
#.#
#.#.#.#
#.#
#.#...#
#.# ##..#
#.# #..#
#.# #..#
#.# #.>#
#.# ##.#
#.# #.#
#@# #.#
#h5......
#.#
#########
#.# #.#
#.# #.#
#.# #.#


You could see Natasha (invisible) and a crimson imp.

Vanquished Creatures
  2 adders (D:2)
  2 dart slugs (D:1)
  2 leopard geckos (D:1)
  A giant cockroach (D:1)
  4 goblins (D:1)
  2 hobgoblins (D:1)
  A ball python (D:2)
  4 bats (D:1)
  3 frilled lizards
  3 kobolds
  3 rats
27 creatures vanquished.

Notes
Turn   | Place    | Note
-------+----------+-------------------------------------------
     0 | D:1      | Descartes the Spriggan Wanderer began the quest for the
                  | Orb.
     0 | D:1      | Descartes set off with the following items: a +2 short
                  | sword, a scroll of teleportation, 11 poisoned darts, a +0
                  | dagger, a +0 robe, a ration
     0 | D:1      | Reached XP level 1. HP: 10/10 MP: 2/2
  1014 | D:1      | Reached XP level 2. HP: 11/14 MP: 3/3
  2688 | D:2      | Reached XP level 3. HP: 15/18 MP: 4/4
  3050 | D:2      | Noticed Natasha
  3063 | D:2      | Killed from afar by Natasha

Levels and vault maps discovered:
D:1:      dpeg_arrival_pits, layout_loops_corners, kennysheep_pointless_box
D:2:      layout_basic, uniq_natasha, uniq_terence

Skill      XL: |  1  2  3 |
---------------+----------+-----
Short Blades   | 3 |  3.0
Dodging        | 2 |  2.8
Stealth        | 2 3 |  3.1
Fighting       | |  1.5
Throwing       | |  2.0
Charms         | |  1.5
Transmutations | |  2.6

Action                   || total
-------------------------++-------
Melee: Short sword       ||    89
 Stab: Sleeping          ||     4
Armor: Robe              ||    10
Dodge: Dodged            ||    57
